 Dungeon Crawl Stone Soup version 0.31.0-9-g3a7656b989 (webtiles) character file.

Game seed: 4784375617306375522

35994 Bnni the Dancer (level 13, -2/70 HPs)
             Began as a Vine Stalker Fighter on Jan 27, 2024.
             Was a Priest of Uskayaw.
             Shot with an arrow by a centaur warrior (19 damage)
             ... on level 14 of the Dungeon.
             The game lasted 00:30:45 (11374 turns).

Bnni the Dancer (Vine Stalker Fighter)             Turns: 11374, Time: 00:30:46

Health: -2/70      AC: 15    Str: 20    XL:     13   Next: 87%
Magic:  0/23       EV: 18    Int:  8    God:    Uskayaw [***...]
Gold:   809        SH:  6    Dex: 24    Spells: 12/12 levels left

rFire   . . .        o - +0 dagger (venom)
rCold   . . .        c - +0 buckler
rNeg    . . .        O - +2 ring mail {rPois}
rPois   +            D - +0 helmet
rElec   .            I - +2 cloak
rCorr   .            B - +0 pair of gloves
SInv    .            M - +0 pair of boots
Will    +....        N - amulet of regeneration
Stlth   +++++        g - +5 ring of evasion
HPRegen 1.91/turn    b - +6 ring of dexterity
MPRegen 0.18/turn

%: guardian spirit
@: no status effects
A: fangs 3, regeneration 1, magic shield, antimagic bite, no potion heal 2
a: Renounce Religion, Stomp, Line Pass


You were on level 14 of the Dungeon.
You worshipped Uskayaw.
Uskayaw was pleased with you.
You visited 2 branches of the dungeon, and saw 15 of its levels.

You collected 1001 gold pieces.
You spent 192 gold pieces at shops.

Inventory:

Hand Weapons
 e - a +1 dagger of holy wrath
 o - a +0 dagger of venom (weapon)
 J - the +2 sling "Usocw" {flame, rPois Stlth+}
   (You found it on level 7 of the Dungeon)

   rPois:     It protects you from poison Stlth+: It makes you more stealthy.
 P - the +0 short sword of the Harvest {holy, rPois Stlth+}
   (You bought it in a shop on level 9 of the Dungeon)

   rPois:     It protects you from poison Stlth+: It makes you more stealthy.
Missiles
 p - a curare-tipped dart
 q - 2 throwing nets (quivered)
Armour
 c - a +0 buckler (worn)
 B - a +0 pair of gloves (worn)
 D - a +0 helmet (worn)
 I - a +2 cloak (worn)
 M - a +0 pair of boots (worn)
 O - a +2 ring mail of poison resistance (worn)
 R - a +0 plate armour
Jewellery
 b - a +6 ring of dexterity (right hand)
 g - a +5 ring of evasion (left hand)
 n - a ring of wizardry
 y - a ring of resist corrosion
 N - an amulet of regeneration (around neck)
 T - a +6 ring of strength
Wands
 f - a wand of charming (5)
 l - a wand of mindburst (17)
 u - a wand of digging (9)
 x - a wand of roots (18)
 H - a wand of light (11)
 L - a wand of flame (52)
Scrolls
 h - 5 scrolls of noise {unknown}
 j - 3 scrolls of vulnerability {unknown}
 k - 5 scrolls of teleportation
 r - a scroll of blinking {unknown}
 s - 2 scrolls of revelation {unknown}
 t - 2 scrolls of brand weapon {unknown}
 v - 2 scrolls of fog {unknown}
 w - a scroll of butterflies {unknown}
 z - 4 scrolls of enchant armour {unknown}
 E - 4 scrolls of poison
 F - a scroll of acquirement {unknown}
 G - a scroll of immolation {unknown}
 K - 2 scrolls of fear {unknown}
 S - a scroll of torment {unknown}
Potions
 a - 4 potions of lignification
 d - 2 potions of might
 i - 11 potions of curing {unknown}
 m - 2 potions of brilliance
 A - 4 potions of invisibility
 C - 3 potions of mutation
 U - a potion of resistance {unknown}
 V - a potion of degeneration {unknown}
 W - a potion of ambrosia {unknown}
Miscellaneous
 Q - a phial of floods


   Skills:
 + Level 9.4 Fighting
 - Level 11.0 Short Blades
 + Level 5.1 Armour
 + Level 4.1 Dodging
 + Level 11.7 Stealth
 - Level 5.0 Shields
 * Level 13.1 Invocations


You had 12 spell levels left.
You didn't know any spells.
Your spell library contained the following spells:

 Spells                   Type           Power      Damage    Failure   Level
 Apportation              Tloc           0%         N/A       65%         1
 Cigotuvi's Dreadful Rot  Necr/Alch/Air  0%         N/A       78%         2
 Jinxbite                 Hex            0%         N/A       78%         2
 Fugue of the Fallen      Necr           0%         N/A       95%         3
 Ozocubu's Armour         Ice            0%         N/A       95%         3
 Ignite Poison            Fire/Alch      0%         N/A       100%        4
 Manifold Assault         Tloc           0%         N/A       100%        4
 Alistair's Intoxication  Alch           0%         N/A       100%        5
 Freezing Cloud           Conj/Ice/Air   0%         6-21      100%        5
 Metabolic Englaciation   Hex/Ice        0%         N/A       100%        5
 Conjure Ball Lightning   Conj/Air       0%         3x3d6     100%        6
 Sculpt Simulacrum        Ice/Alch       0%         N/A       100%        6
 Discord                  Hex            0%         N/A       100%        8
 Disjunction              Tloc           0%         N/A       100%        8


Dungeon Overview and Level Annotations

Branches:
Dungeon (14/15)            Temple (1/1) D:4            Lair (0/5) D:9
    Orc (0/2) D:11         Vaults (0/5) D:13

Altars:
Ashenzari
Cheibriados
Dithmenos
Elyvilon
Fedhas
Gozag
Hepliaklqana
Kikubaaqudgha
Makhleb
Nemelex Xobeh
Okawaru
Qazlal
Ru
Sif Muna
Trog
Uskayaw
Vehumet
Wu Jian
Xom
Yredelemnul
Zin
The Shining One

Shops:
D:4 *   D:9 (   D:11 (

Annotations:
D:9 2 transporters, GriffinBr's ghost, novice MiMo
D:14 3 runed translucent doors, Opnastoc's ghost, journeyman MiBe


Innate Abilities, Weirdness & Mutations

You have razor-sharp teeth.
Your natural rate of healing is unusually fast.
When hurt, damage is shared between your health and your magic reserves.
Your bite disrupts and absorbs the magic of your enemies.
Potions cannot restore your health.


Message History

Uskayaw will force your foes to helplessly watch your dance.
Uskayaw prepares the audience for your solo!
The helpless skeletal warrior fails to defend itself.
You stick the skeletal warrior like a pincushion!!!!
You destroy the skeletal warrior!
The helpless skeletal warrior fails to defend itself.
You spit the skeletal warrior like a pig!!!!
You destroy the skeletal warrior!
The centaur warrior is no longer paralysed.
The centaur warrior misses you. The centaur warrior kicks you.
Uskayaw will force your foes to share their pain.
Uskayaw links your audience in an emotional bond!
The helpless centaur fails to defend itself.
You skewer the centaur like a kebab!!!!
You kill the centaur!
You block the centaur warrior's attack. The centaur warrior misses you.
Unknown command.
The skeletal warrior is no longer paralysed. x2
The centaur warrior wields a +0 shortbow.
The centaur warrior shoots an arrow.
The arrow hits you!
The skeletal warrior hits you with a +0 dire flail!
You see here a +0 war axe.
You barely miss the skeletal warrior. Your bite misses the skeletal warrior.
The manticore is no longer paralysed.
The skeletal warrior is no longer paralysed.
The centaur warrior shoots an arrow.
The arrow hits you.
The skeletal warrior hits you with a +0 dire flail!
* * * LOW HITPOINT WARNING * * *
Unknown command.
Okay, then.
Okay, then.
Aiming: Line Pass
Press: ? - help, Dir - move target The skeletal warrior appears confused. x2
The skeletal warrior barely misses the skeletal warrior.
The skeletal warrior hits the skeletal warrior with a +0 battleaxe!!
You kill the manticore!
You destroy the skeletal warrior! x2
The skeletal warrior is destroyed!
The centaur warrior shoots an arrow.
The arrow hits you!!
You die...

#......#
#......#
#......#
#......#
#...)..# .
#.))c..# ...
#.)....#
.....#))[...#
.......@....#
####
............#
[..#
............#
.).#
............#
...#
............#
...#
............#
...#
............#
####
#############


You could see a centaur warrior (pain bonded).

Vanquished Creatures
  An entropy weaver (shapeshifter) (D:13)
  4 boulder beetles
  6 centaur warriors
  A death knight (D:14)
  7 two-headed ogres
  The ghost of MacCMillion the Cleaver, a novice HOFi of Nemelex Xobeh (D:8)
  9 skeletal warriors
  2 phantasmal warriors (D:14)
  2 ugly things
  A wolf spider (D:14)
  Maurice (D:7)
  4 manticores
  3 cyclopes
  2 black mambas (shapeshifter)
  2 gargoyles (D:13)
  A kobold demonologist (D:14)
  2 tengu conjurers (D:11)
  4 trolls
  A snapping turtle (shapeshifter) (D:13)
  A vampire (D:10)
  A shadow (D:11)
  A wyvern (D:9)
  4 wraiths
  31 yaks
  A basilisk (D:14)
  2 steam dragons
  Grum (D:11)
  3 vampire mosquitoes (D:12)
  Menkaure (D:7)
  4 acid dragons
  A water moccasin (D:7)
  Duvessa (D:7)
  An orc warrior (D:9)
  A sky beast (D:8)
  3 ice beasts
  3 black bears
  2 ogres
  7 wolves
  12 centaurs
  2 phantoms
  6 kobold brigands
  5 bullfrogs
  4 scorpions
  A gnoll sergeant (D:8)
  Dowan (D:7)
  14 killer bees
  An electric eel (D:9)
  2 howler monkeys (D:9)
  6 orc priests
  4 bombardier beetles
  2 sleepcaps
  5 hounds
  2 jellies
  2 gnoll boudas
  2 iguanas
  8 orc wizards
  Natasha (thrice) (D:4)
  The ghost of puimuR the Chopper, a weakling GrRe (D:4)
  14 gnolls
  A river rat (D:4)
  16 adders
  4 shadow imps
  A white imp (D:5)
  2 dart slugs
  2 ribbon worms (D:2)
  33 orcs
  4 bats
  3 endoplasms
  4 giant cockroaches
  8 goblins
  11 hobgoblins
  7 jackals
  6 quokkas
  5 ball pythons
  3 frilled lizards
  20 kobolds
  4 rats
354 creatures vanquished.

Vanquished Creatures (others)
  A skeletal warrior (D:14)
  A human (D:6)
2 creatures vanquished.

Grand Total: 356 creatures vanquished

Notes
Turn   | Place    | Note
-------+----------+-------------------------------------------
     0 | D:1      | Bnni the Vine Stalker Fighter began the quest for the Orb.
     0 | D:1      | Reached XP level 1. HP: 11/11 MP: 2/2
   183 | D:1      | Reached XP level 2. HP: 16/16 MP: 3/3
   646 | D:2      | Reached XP level 3. HP: 20/20 MP: 4/4
   725 | D:2      | Reached XP level 4. HP: 24/24 MP: 5/5
  1231 | D:3      | Reached XP level 5. HP: 20/28 MP: 4/6
  1349 | D:3      | Found a bloodstained altar of Trog.
  1635 | D:4      | Reached XP level 6. HP: 15/32 MP: 3/7
  1674 | D:4      | Found a runed translucent door.
  1680 | D:4      | Noticed puimuR's ghost (weakling GrRe)
  1711 | D:4      | Killed puimuR's ghost
  1715 | D:4      | Found a runed translucent door.
  1722 | D:4      | Noticed a black bear
  1735 | D:4      | Killed a black bear
  1863 | D:4      | Noticed Natasha
  1872 | D:4      | Killed Natasha
  1873 | D:4      | Reached XP level 7. HP: 37/37 MP: 8/8
  1899 | D:4      | Noticed Natasha
  1903 | D:4      | Killed Natasha
  1970 | D:4      | Found a staircase to the Ecumenical Temple.
  2087 | Temple   | Entered the Ecumenical Temple
  2099 | Temple   | Became a worshipper of Uskayaw the Reveller
  2169 | D:4      | Noticed Natasha
  2173 | D:4      | Reached * piety under Uskayaw
  2174 | D:4      | Killed Natasha
  2238 | D:4      | Reached ** piety under Uskayaw
  2240 | D:4      | Reached skill level 5 in Shields
  2270 | D:4      | Reached *** piety under Uskayaw
  2271 | D:4      | Reached **** piety under Uskayaw
  2272 | D:4      | Reached skill level 1 in Stealth
  2272 | D:4      | Reached skill level 1 in Invocations
  2455 | D:4      | Found Zin's Purification Station.
  2457 | D:4      | Found a glowing silver altar of Zin.
  2721 | D:5      | Entered Level 5 of the Dungeon
  2734 | D:5      | Reached skill level 5 in Short Blades
  2734 | D:5      | Reached skill level 2 in Invocations
  2738 | D:5      | Gained mutation: You have razor-sharp teeth. [Vine Stalker
                  | growth]
  2738 | D:5      | Reached XP level 8. HP: 32/42 MP: 10/10
  2946 | D:5      | Reached skill level 3 in Invocations
  3223 | D:5      | Found a blossoming altar of Fedhas.
  3608 | D:6      | Reached skill level 4 in Invocations
  3680 | D:6      | Found an ancient bone altar of Kikubaaqudgha.
  3769 | D:6      | Found a shimmering blue altar of Sif Muna.
  3897 | D:6      | Reached skill level 5 in Fighting
  3899 | D:6      | Reached XP level 9. HP: 32/47 MP: 8/13
  3941 | D:6      | Found an opulent altar of Gozag.
  3943 | D:6      | Found a shadowy altar of Dithmenos.
  3943 | D:6      | Found a shimmering altar of Xom.
  4014 | D:6      | Found a sacrificial altar of Ru.
  4222 | D:6      | Reached skill level 5 in Invocations
  4555 | D:7      | Found a broken altar of Ashenzari.
  4589 | D:7      | Noticed Menkaure
  4600 | D:7      | Killed Menkaure
  4867 | D:7      | Found a stormy altar of Qazlal.
  4880 | D:7      | Identified the +2 sling "Usocw" {flame, rPois Stlth+}
  4891 | D:7      | Noticed Maurice
  4902 | D:7      | Something stole 2 throwing nets
  4912 | D:7      | Something stole a ring of resist corrosion
  4913 | D:7      | Something stole the +2 sling "Usocw" {flame, rPois Stlth+}
  4917 | D:7      | Killed Maurice
  4918 | D:7      | Reached skill level 5 in Stealth
  4918 | D:7      | Reached skill level 6 in Invocations
  5111 | D:7      | Noticed Duvessa
  5114 | D:7      | Noticed Dowan
  5135 | D:7      | Killed Dowan
  5137 | D:7      | Reached ***** piety under Uskayaw
  5142 | D:7      | Killed Duvessa
  5159 | D:7      | Reached XP level 10. HP: 37/53 MP: 13/16
  5161 | D:7      | Reached ****** piety under Uskayaw
  5440 | D:8      | Reached skill level 7 in Invocations
  5545 | D:8      | Found a runed translucent door.
  5545 | D:8      | Noticed MacCMillion's ghost (novice HOFi)
  5782 | D:8      | Killed MacCMillion's ghost
  6058 | D:8      | Reached skill level 8 in Invocations
  6384 | D:8      | Noticed a two-headed ogre
  6395 | D:8      | Killed a two-headed ogre
  6613 | D:9      | Noticed a seven-headed hydra
  6617 | D:9      | Found a transporter.
  6622 | D:9      | Noticed GriffinBr's ghost (novice MiMo)
  6625 | D:9      | Found a transporter.
  6629 | D:9      | Noticed a centaur warrior
  6669 | D:9      | Reached XP level 11. HP: 58/58 MP: 18/18
  6701 | D:9      | Found a staircase to the Lair.
  6781 | D:9      | Reached skill level 9 in Invocations
  6786 | D:9      | Found Cuserog's Antique Weapon Shop.
  6792 | D:9      | Bought a slimy short sword for 192 gold pieces
  6792 | D:9      | Identified the +0 short sword of the Harvest {holy, rPois
                  | Stlth+} (You bought it in a shop on level 9 of the Dungeon)
  6826 | D:9      | Found a hazy altar of Hepliaklqana.
  7152 | D:10     | Entered Level 10 of the Dungeon
  7202 | D:10     | Found a basalt altar of Yredelemnul.
  7274 | D:10     | Noticed a two-headed ogre
  7289 | D:10     | Killed a two-headed ogre
  7454 | D:10     | Noticed a two-headed ogre
  7461 | D:10     | Killed a two-headed ogre
  7478 | D:10     | Identified the +6 quarterstaff "Juodd" {flame, Dex+3}
  7512 | D:10     | Reached skill level 10 in Short Blades
  7995 | D:11     | Noticed Grum
  7996 | D:11     | Noticed a boulder beetle
  8062 | D:11     | Reached skill level 10 in Invocations
  8152 | D:11     | Reached XP level 12. HP: 60/63 MP: 20/20
  8221 | D:11     | Killed a boulder beetle
  8239 | D:11     | Found a staircase to the Orcish Mines.
  8261 | D:11     | Found Coyq's Antique Weapon Boutique.
  8331 | D:11     | Killed Grum
  8543 | D:11     | Noticed a two-headed ogre
  8548 | D:11     | Killed a two-headed ogre
  8549 | D:11     | Reached skill level 11 in Invocations
  8785 | D:12     | Reached skill level 1 in Dodging
  8897 | D:12     | Noticed a boulder beetle
  8919 | D:12     | Killed a boulder beetle
  8920 | D:12     | Reached skill level 10 in Stealth
  8966 | D:12     | Noticed a two-headed ogre
  8987 | D:12     | Killed a two-headed ogre
  9019 | D:12     | Noticed a boulder beetle
  9041 | D:12     | Killed a boulder beetle
  9255 | D:12     | Found a bloodstained altar of Trog.
  9431 | D:12     | Reached XP level 13. HP: 30/69 MP: 22/22
  9558 | D:13     | Reached skill level 12 in Invocations
  9648 | D:13     | a glass eye changed into an entropy weaver
  9648 | D:13     | Noticed an entropy weaver (shapeshifter)
  9652 | D:13     | a shining eye changed into a spark wasp
  9652 | D:13     | Noticed a spark wasp (glowing shapeshifter)
  9654 | D:13     | a spark wasp changed into a snapping turtle
  9657 | D:13     | Killed an entropy weaver
  9679 | D:13     | Found a gate to the Vaults.
 10556 | D:14     | Found a runed translucent gate.
 10556 | D:14     | Found a runed translucent gate.
 10556 | D:14     | Found a runed translucent gate.
 10565 | D:14     | Noticed a minotaur
 10602 | D:14     | Noticed Opnastoc's ghost (journeyman MiBe)
 11033 | D:14     | Reached skill level 13 in Invocations
 11240 | D:14     | Reached skill level 5 in Armour
 11374 | D:14     | Shot with an arrow by a centaur warrior

Illustrated notes

Levels and vault maps discovered:
D:1:      matt_arrival_grand_opening, layout_basic
D:2:      layout_rooms
D:3:      layout_basic, lightli_temple_of_fire
D:4:      minmay_evil_eye, layout_basic, zin_purify, lemuel_temple_firewalk_b,
          ebering_ghost_sewer_f, kennysheep_generic_room_9, uniq_natasha
D:5:      layout_basic, fedhas_altar_decomposition,
          hangedman_abyss_or_decor_passed, chequers_serial_rivers_large_a
D:6:      layout_loops_cross, tgw_kikubaaqudgha, nicolae_ru_awakened_eye,
          hellmonk_sif_muna_bookshelves,
          chequers_temple_overflow_statue_of_worship, nicolae_half_adder
D:7:      layout_loops_ring, mainiacjoe_overflow_surrounded_room,
          nicolae_qazlal_style_of_elements, minmay_circle_x, uniq_duvessa,
          uniq_menkaure, uniq_maurice
D:8:      layout_cave_pods, hellmonk_ghost_happy_afterlife
D:9:      layout_basic, mainiacjoe_overflow_paths, erik_lair_island,
          gammafunk_ghost_arena, serial_shops, nicolae_shop_crystal
D:10:     layout_loops_cross, kennysheep_mini_moat, minmay_misc_feat_enclosed
D:11:     layout_cave_pools, orc_0_dummy, kennysheep_windowed_goal, uniq_grum
D:12:     layout_roguey, trog_hazing_becter
D:13:     layout_grid_maze, david_vaults_2, hangedman_abyss_or_decor_lesser_grid
D:14:     layout_grid_maze, maelrawn_ghost_gauntlet_escape,
          reono_crystal_passage
Temple:   hellmonk_temple_rainy

Skill      XL: |  1  2  3  4  5  6  7  8  9 10 11 12 13 |
---------------+----------------------------------------+-----
Short Blades   | 2 3 4 5 6 7 9 10 11 | 11.0
Shields        | 3 4 5 |  5.0
Fighting       | 3 4 5 6 7 8 9 |  9.4
Stealth        | 2 4 5 7 9 10 11 | 11.7
Invocations    | 2 4 6 8 10 11 13 | 13.1
Dodging        | 2 4 |  4.1
Armour         | 3 5 |  5.1

Action                     |  1- 3 |  4- 6 |  7- 9 | 10-12 | 13-15 || total
---------------------------+-------+-------+-------+-------+-------++-------
  Melee: Rapier            |   115 |   107 |       |    22 |       ||   244
         Bite              |    27 |    60 |    89 |   305 |   124 ||   605
         Whip              |       |    76 |   258 |     5 |       ||   339
         Dagger            |       |       |       |   646 |   241 ||   887
  Throw: Dart              |       |       |       |     4 |     1 ||     5
         Throwing net      |       |       |       |     1 |       ||     1
 Invoke: Line Pass         |       |       |       |     4 |     2 ||     6
  Evoke: Wand              |       |       |       |     1 |       ||     1
    Use: Scroll            |       |       |       |     6 |     1 ||     7
         Potion            |       |       |       |     2 |     1 ||     3
   Stab: Paralysed         |       |       |    11 |    44 |    16 ||    71
         Sleeping          |       |       |       |     9 |     8 ||    17
         Confused          |       |       |       |     1 |     1 ||     2
         Distracted        |       |       |       |       |     1 ||     1
 Armour: Scale mail        |    67 |    11 |       |       |       ||    78
         Chain mail        |       |    66 |   174 |    84 |       ||   324
         Ring mail         |       |       |       |   186 |   136 ||   322
  Dodge: Dodged            |    79 |   103 |   163 |   285 |   162 ||   792
  Block: Buckler           |    14 |    51 |    78 |   143 |    74 ||   360
